 Dungeon Crawl Stone Soup version 0.19-a0-1168-g98094fc (webtiles) character file.

326 Leszczynek the Cudgeler (level 6, -2/58 HPs)
             Began as an Ogre Earth Elementalist on Aug 15, 2016.
             Was an Initiate of Okawaru.
             Slain by a gnoll sergeant
             ... wielding a +0 spear
              (12 damage)
             ... on level 6 of the Dungeon.
             The game lasted 00:16:08 (3029 turns).

Leszczynek the Cudgeler (Ogre Earth Elementalist)   Turns: 3029, Time: 00:16:09

Health: -2/58      AC:  3    Str: 15 (16) XL:     6   Next: 49%
Magic:  17/18      EV: 12    Int: 14      God:    Okawaru [......]
Gold:   206        SH:  0    Dex: 10      Spells: 1 memorised, 8 levels left

rFire  . . .     SeeInvis .     a - +0 flail
rCold  . . .     Gourm    .     c - +0 robe
rNeg   . . .     Faith    .     (no shield)
rPois  .         Spirit   .     (helmet restricted)
rElec  .         Dismiss  .     (no cloak)
rCorr  .         Reflect  .     (gloves unavailable)
MR     .....     Harm     .     (boots unavailable)
Stlth  ++........               (no amulet)
                                i - +5 ring of slaying
                                g - ring of magical power

@: heroism
A: unfitting armour, tough skin 1
a: Renounce Religion


You were on level 6 of the Dungeon.
You worshipped Okawaru.
Okawaru was noncommittal.
You were not hungry.

You visited 1 branch of the dungeon, and saw 6 of its levels.
You also visited: Sewer.

You collected 206 gold pieces.

Inventory:

Hand Weapons
 a - a +0 flail (weapon)
 s - a +0 blowgun
Missiles
 b - 78 stones (quivered)
 h - 2 steel tomahawks
 o - 7 tomahawks
 u - 6 needles of paralysis
Armour
 c - a +0 robe (worn)
Jewellery
 g - a ring of magical power (left hand)
 i - a +5 ring of slaying (right hand)
Scrolls
 k - a scroll of remove curse
 n - a scroll of recharging {unknown}
 p - a scroll of teleportation {unknown}
 q - a scroll of noise {unknown}
 r - 2 scrolls of blinking {unknown}
 t - a scroll of enchant weapon {unknown}
 y - a scroll of fear
Potions
 f - a potion of might {unknown}
 w - a potion of curing
 x - a potion of haste {unknown}
 z - a potion of heal wounds
Books
 e - a book of Geomancy

   Spells                             Type                      Level
   a - Sandblast                      Earth                        1
   b - Passwall                       Transmutation/Earth          2
   c - Stone Arrow                    Conjuration/Earth            3
   d - Petrify                        Transmutation/Earth          4
   e - Lee's Rapid Deconstruction     Earth                        5
Comestibles
 d - 4 bread rations
 j - a beef jerky
 l - 2 slices of pizza
 m - 2 meat rations
 v - 7 chunks of flesh
 A - 5 fruits


   Skills:
 - Level 2.3(7.3) Fighting
 + Level 7.8(12.8) Maces & Flails
 - Level 1.7(6.7) Dodging
 - Level 1.5(6.5) Stealth
 - Level 2.4 Spellcasting
   Level 0.6 Transmutations
 - Level 2.1 Earth Magic


You had 8 spell levels left.
You knew the following spells:

 Your Spells              Type           Power        Failure   Level  Hunger
a - Sandblast             Erth           #.....       12%         1    #......


Dungeon Overview and Level Annotations

Branches:
Dungeon (6/15)
 Temple: D:4-7

Altars:
Cheibriados
Kikubaaqudgha
Okawaru

Annotations:
D:2 Sigmund
D:5 exclusion: sky beast


Innate Abilities, Weirdness & Mutations

You are too large for most types of armour.
You have tough skin. (AC +1)


Message History

The gnoll sergeant blocks your attack.
The gnoll sergeant is heavily wounded.
The gnoll sergeant drinks a potion.
The gnoll sergeant is healed!
You hit the gnoll sergeant but do no damage.
The gnoll sergeant is lightly wounded.
The gnoll sergeant misses you.
You sock the gnoll sergeant!
The gnoll sergeant is severely wounded.
You hit the gnoll sergeant.
You punch the gnoll sergeant, but do no damage.
The gnoll sergeant is almost dead.
The gnoll sergeant hits you with a spear!
* * * LOW HITPOINT WARNING * * *
You hit the gnoll sergeant but do no damage.
The gnoll sergeant is almost dead.
The gnoll sergeant drinks a potion.
The gnoll sergeant is healed!
You hit the gnoll sergeant but do no damage.
The gnoll sergeant is severely wounded.
The gnoll sergeant hits you with a spear!
You die...

.... ####.#####.
##.#######.#
#...<....# ##.......#
### #.###...# #.##
##.# #....... ##.##
##.## #........
#..###.## ##.#######
#.#..@## #.##.....
#....g#######.##..####
#####...g.............
#########.....####
........###.'≈≈≈
#######g# #÷#≈≈. #.#
#.#≈≈≈ #.# #.#≈≈≈
#.###.####


You could see a gnoll sergeant.

Vanquished Creatures
  A centaur (D:5)
  Natasha (thrice) (D:3)
  A worker ant zombie (D:6)
  2 gnolls (D:6)
  4 adders
  A river rat (D:6)
  An ooze (D:4)
  An adder zombie (D:5)
  2 worms (D:3)
  A dart slug (D:2)
  4 orcs (D:3)
  4 giant cockroaches
  7 goblins
  7 hobgoblins
  14 jackals
  7 kobolds
  A quokka (D:4)
  5 ball pythons (Sewer)
  A giant gecko skeleton (D:5)
  4 giant newts
  9 rats
  2 plants (Sewer)
82 creatures vanquished.

Notes
Turn   | Place    | Note
-------+----------+-------------------------------------------
     0 | D:1      | Leszczynek the Ogre Earth Elementalist began the quest for the Orb.
     0 | D:1      | Reached XP level 1. HP: 16/16 MP: 3/3
   161 | D:2      | Reached skill level 1 in Fighting
   244 | D:1      | Reached XP level 2. HP: 28/28 MP: 5/5
   245 | D:1      | Reached skill level 2 in Fighting
   257 | D:1      | Reached skill level 1 in Maces & Flails
   510 | D:2      | Noticed Sigmund
   627 | D:2      | Reached skill level 2 in Maces & Flails
   725 | D:3      | Reached XP level 3. HP: 36/36 MP: 6/6
   797 | D:3      | Noticed Natasha
   881 | D:3      | Reached skill level 3 in Maces & Flails
  1115 | D:3      | HP: 1/36 [orc/flail (12)]
  1125 | D:3      | Reached XP level 4. HP: 3/44 MP: 0/7
  1265 | D:3      | Found an iron altar of Okawaru.
  1279 | D:3      | Became a worshipper of Warmaster Okawaru
  1338 | D:3      | Reached skill level 4 in Maces & Flails
  1450 | D:3      | Killed Natasha
  1536 | D:3      | Noticed Natasha
  1548 | D:3      | Killed Natasha
  1548 | D:3      | Reached skill level 5 in Maces & Flails
  1548 | D:3      | Reached XP level 5. HP: 14/50 MP: 8/8
  1711 | D:3      | Noticed Natasha
  1722 | D:3      | Killed Natasha
  1786 | D:4      | Found a snail-covered altar of Cheibriados.
  1890 | D:4      | Found an ancient bone altar of Kikubaaqudgha.
  1926 | D:4      | Reached skill level 6 in Maces & Flails
  1957 | D:5      | Entered Level 5 of the Dungeon
  2001 | D:5      | Got a translucent halberd
  2002 | D:5      | Identified the cursed +1 halberd of Resourcefulness {flame, Dex+5} (You found it on level 5 of the Dungeon)
  2074 | D:5      | Noticed a sky beast
  2117 | D:5      | Noticed a centaur
  2135 | D:5      | Killed a centaur
  2135 | D:5      | Reached skill level 7 in Maces & Flails
  2135 | D:5      | Reached XP level 6. HP: 7/58 MP: 9/9
  2378 | D:6      | Found a glowing drain.
  2439 | Sewer    | Entered a sewer
  2971 | D:6      | Reached * piety under Okawaru
  3029 | D:6      | Slain by a gnoll sergeant

Vault maps used:
D:1:      dpeg_arrival_another_circle
D:2:      lemuel_doored_altar, uniq_sigmund
D:3:      gammafunk_temple_overflow_pools, first_bread,
          kennysheep_pointless_box, okawaru_ov_weapons_minmay, uniq_natasha,
          uniq_grinder
D:4:      grunt_dithmenos_smoke_and_mirrors, kiku_gazebo_garden_becter,
          cheibriados_altar_1
D:5:      nemelex_xobeh_ov_fountains_minmay
D:6:      portal_sewer_entry_c, lemuel_flame_loot_1
Sewer:    sewer_co_scattered_pipes

Skill      XL: |  1  2  3  4  5 |
---------------+----------------+-----
Fighting       | 1 2 |  2.3
Maces & Flails | 2 3 5 7 |  7.8
Dodging        | |  1.7
Stealth        | |  1.5
Spellcasting   | |  2.4
Transmutations | |  0.6
Earth Magic    | |  2.1

Action                   |  1- 3 |  4- 6 || total
-------------------------+-------+-------++-------
Melee: Flail             |       |   122 ||   122
       Punch             |       |     1 ||     1
 Cast: Sandblast         |    72 |    76 ||   148
Invok: Heroism           |       |     1 ||     1
  Use: Scroll            |     1 |     4 ||     5
       Potion            |     1 |     2 ||     3
  Eat: Chunk             |     2 |     9 ||    11
       Pizza             |       |     1 ||     1
Armor: Robe              |     9 |    28 ||    37
Dodge: Dodged            |    14 |    66 ||    80
